[Event "FIDE WSTC Open 65 2025"]
[Site "Prague"]
[Date "2025.02.17"]
[Round "1.1"]
[White "Mojzis, Jaroslav"]
[Black "Knaak, Rainer"]
[Result "1/2-1/2"]
[Annotator "ChessBase"]
[ECO "A13"]
[WhiteElo "2089"]
[BlackElo "2464"]
[PlyCount "93"]
[EventDate "2025.02.17"]
[EventType "team-tourn"]
[EventCountry "CZE"]
[SourceTitle "playchess.com"]
[Source "ChessBase"]
[SourceQuality "1"]
[TimeControl "40/5400+30:1800+30"]

1. Nf3 d5 2. g3 c5 3. Bg2 Nf6 4. O-O e6 5. c4 d4 6. e3 Nc6 7. exd4 cxd4 8. d3 h6 9. b3 Bd6 10. Ba3 O-O 11. Bxd6 Qxd6 12. Nbd2 e5 13. Re1 Bf5 14. Qe2 Rae8 15. Nh4 Bh7 16. a3 a5 17. Ne4 Nxe4 18. dxe4 Rd8 19. Qd3 g6 20. Bh3 Kg7 21. Reb1 Rfe8 22. Rb2 Re7 23. Bg2 Ra8 24. Nf3 Bg8 25. Ne1 f6 26. Qc2 Rc7 27. Nd3 Qe7 28. h4 Nd8 29. a4 Nc6 30. Qe2 Be6 31. Rf1 Nb4 32. Rd2 Nxd3 33. Rxd3 Ra6 34. Kh2 Rb6 35. Bh3 Bf7 36. Bg4 Qa3 37. Qf3 Qe7 38. Bh3 Rcc6 39. Rg1 Qa3 40. Bd7 Rc7 41. Bb5 Qe7 42. Re1 Rd6 43. Qg4 Be6 44. Qe2 Bc8 45. h5 Qe6 46. hxg6 Qg4 47. Qxg4 1/2-1/2

[Event "FIDE WSTC Open 65 2025"]
[Site "Prague"]
[Date "2025.02.17"]
[Round "1.2"]
[White "Jussupow, Artur"]
[Black "Svanda, Pavel"]
[Result "1-0"]
[Annotator "ChessBase"]
[ECO "D05"]
[WhiteElo "2559"]
[BlackElo "2080"]
[PlyCount "63"]
[EventDate "2025.02.17"]
[EventType "team-tourn"]
[EventCountry "CZE"]
[SourceTitle "playchess.com"]
[Source "ChessBase"]
[SourceQuality "1"]
[TimeControl "40/5400+30:1800+30"]

1. d4 d5 2. Nf3 Nf6 3. e3 e6 4. Bd3 c5 5. b3 Be7 6. O-O Nc6 7. Bb2 O-O 8. Nbd2 b6 9. Ne5 Bb7 10. a3 a6 11. Qe2 b5 12. Nxc6 Bxc6 13. dxc5 Bxc5 14. Nf3 Be7 15. Ne5 Be8 16. c4 bxc4 17. bxc4 a5 18. Rfc1 Bd6 19. c5 Bc7 20. c6 g6 21. f4 Ne4 22. Bxe4 dxe4 23. Rd1 Qc8 24. Ng4 e5 25. Nf6+ Kg7 26. Nd7 Bxd7 27. Rxd7 Kg8 28. Qc4 Bb6 29. Qxe4 Re8 30. f5 Rb8 31. Qd5 Rf8 32. Qxe5 1-0

[Event "FIDE WSTC Open 65 2025"]
[Site "Prague"]
[Date "2025.02.17"]
[Round "1.3"]
[White "Nemec, Pavel"]
[Black "Meister, Jakob"]
[Result "1-0"]
[Annotator "ChessBase"]
[ECO "B30"]
[WhiteElo "2117"]
[BlackElo "2418"]
[PlyCount "97"]
[EventDate "2025.02.17"]
[EventType "team-tourn"]
[EventCountry "CZE"]
[SourceTitle "playchess.com"]
[Source "ChessBase"]
[SourceQuality "1"]
[TimeControl "40/5400+30:1800+30"]

1. e4 c5 2. Nf3 Nc6 3. Bb5 Na5 4. O-O a6 5. Be2 b5 6. d4 cxd4 7. Nxd4 Bb7 8. a4 b4 9. c3 e6 10. e5 Qc7 11. Bf4 d5 12. exd6 Bxd6 13. Nxe6 fxe6 14. Bxd6 Qb6 15. Bxb4 Rd8 16. Bxa5 Qxa5 17. Qb3 Qd5 18. Qxd5 exd5 19. Re1 Kf7 20. Nd2 Nf6 21. Nb3 Rd6 22. Nc5 Bc8 23. a5 Nd7 24. Nd3 d4 25. c4 Re8 26. Bh5+ g6 27. Rxe8 Kxe8 28. Re1+ Kd8 29. Bf3 Nf6 30. c5 Re6 31. Kf1 Kc7 32. Nb4 Rxe1+ 33. Kxe1 Nd7 34. Nd5+ Kd8 35. b4 Ne5 36. Be4 Bb7 37. Kd2 g5 38. f3 h5 39. Nf6 Bxe4 40. Nxe4 g4 41. fxg4 hxg4 42. h3 gxh3 43. gxh3 Nc6 44. Kd3 Nxb4+ 45. Kxd4 Ke7 46. Nd2 Ke6 47. Nb3 Nc6+ 48. Ke4 Ke7 49. h4 1-0

[Event "FIDE WSTC Open 65 2025"]
[Site "Prague"]
[Date "2025.02.17"]
[Round "1.4"]
[White "Koehler, Gerhard"]
[Black "Vavruska, Antonin"]
[Result "1/2-1/2"]
[Annotator "ChessBase"]
[ECO "A91"]
[WhiteElo "2215"]
[BlackElo "1926"]
[PlyCount "84"]
[EventDate "2025.02.17"]
[EventType "team-tourn"]
[EventCountry "CZE"]
[SourceTitle "playchess.com"]
[Source "ChessBase"]
[SourceQuality "1"]
[TimeControl "40/5400+30:1800+30"]

1. c4 e6 2. Nc3 f5 3. g3 Nf6 4. Bg2 d6 5. d4 Be7 6. Nh3 O-O 7. O-O c6 8. Re1 e5 9. b3 h6 10. Ba3 Qc7 11. Qd2 a5 12. Rad1 Na6 13. f3 Nb4 14. e3 Bd7 15. Bb2 Rad8 16. Nf2 Bc8 17. a3 Na6 18. Qc2 Nh7 19. Na4 Bf6 20. f4 e4 21. Bf1 b6 22. Rd2 Be7 23. Rc1 Nf6 24. Be2 Kh8 25. Kh1 Rfe8 26. Rg1 d5 27. Nc3 Qb7 28. cxd5 Nxd5 29. Nxd5 cxd5 30. g4 Bh4 31. Bb5 Bd7 32. Bxd7 Qxd7 33. Qd1 Bxf2 34. Rxf2 fxg4 35. Rxg4 Nc7 36. a4 Qf5 37. Rfg2 Ne6 38. Ba3 Rd7 39. Qe2 Nc7 40. Rg6 Re6 41. R6g3 Rc6 42. Rg1 Rf7 1/2-1/2

[Event "FIDE WSTC Open 65 2025"]
[Site "Prague"]
[Date "2025.02.17"]
[Round "1.5"]
[White "Nunn, John D M"]
[Black "Bergstrom, Rolf"]
[Result "1-0"]
[Annotator "ChessBase"]
[ECO "B07"]
[WhiteElo "2533"]
[BlackElo "2160"]
[PlyCount "69"]
[EventDate "2025.02.17"]
[EventType "team-tourn"]
[EventCountry "CZE"]
[SourceTitle "playchess.com"]
[Source "ChessBase"]
[SourceQuality "1"]
[TimeControl "40/5400+30:1800+30"]

1. e4 d6 2. d4 Nf6 3. Nc3 e5 4. Nge2 Nbd7 5. a4 Be7 6. h3 h5 7. g3 c6 8. Bg2 O-O 9. O-O b6 10. f4 Qc7 11. Qe1 a6 12. Bf3 Bb7 13. g4 hxg4 14. hxg4 Nh7 15. Qg3 exf4 16. Bxf4 Ng5 17. Bg2 b5 18. Rae1 Rae8 19. Qd3 g6 20. axb5 axb5 21. Nd1 c5 22. Qxb5 Ne6 23. Bh6 Ng7 24. Nf2 cxd4 25. Nxd4 Ne5 26. Qb3 Ba6 27. Nd3 Nxg4 28. Bxg7 Kxg7 29. Rxf7+ Kh6 30. Nf4 Bh4 31. Rxc7 Bf2+ 32. Kh1 Rxf4 33. Qh3+ Kg5 34. Nf3+ Kf6 35. Qh7 1-0

[Event "FIDE WSTC Open 65 2025"]
[Site "Prague"]
[Date "2025.02.17"]
[Round "1.6"]
[White "Soderberg, Per"]
[Black "Kosten, Anthony C."]
[Result "0-1"]
[Annotator "ChessBase"]
[ECO "C44"]
[WhiteElo "2065"]
[BlackElo "2372"]
[PlyCount "82"]
[EventDate "2025.02.17"]
[EventType "team-tourn"]
[EventCountry "CZE"]
[SourceTitle "playchess.com"]
[Source "ChessBase"]
[SourceQuality "1"]
[TimeControl "40/5400+30:1800+30"]

1. e4 e5 2. Nf3 Nc6 3. c3 Nf6 4. d3 d5 5. Qc2 h6 6. Be2 Bd6 7. O-O O-O 8. Nbd2 Re8 9. Re1 Ne7 10. Nf1 Ng6 11. Ng3 c6 12. a4 a5 13. h3 Be6 14. Bf1 Qd7 15. Bd2 Bc7 16. Rad1 Bb6 17. Be3 Bxe3 18. fxe3 dxe4 19. dxe4 Qc7 20. c4 Qb6 21. Rd3 Nd7 22. Rc3 Nc5 23. Kh2 Rad8 24. h4 Bc8 25. h5 Nf8 26. Nh4 Nh7 27. Be2 Rd6 28. Nhf5 Bxf5 29. Nxf5 Qd8 30. Rd1 Rxd1 31. Bxd1 Nxe4 32. Qxe4 Qxd1 33. Qh4 e4 34. c5 Re5 35. Ng3 Nf6 36. Rc4 Ng4+ 37. Kh3 Rg5 38. Rd4 Qg1 39. Qxg4 Rxg4 40. Kxg4 Qxe3 41. Rxe4 f5+ 0-1

[Event "FIDE WSTC Open 65 2025"]
[Site "Prague"]
[Date "2025.02.17"]
[Round "1.7"]
[White "Large, Peter G"]
[Black "Braathen, Tom"]
[Result "1-0"]
[Annotator "ChessBase"]
[ECO "B23"]
[WhiteElo "2314"]
[BlackElo "1963"]
[PlyCount "87"]
[EventDate "2025.02.17"]
[EventType "team-tourn"]
[EventCountry "CZE"]
[SourceTitle "playchess.com"]
[Source "ChessBase"]
[SourceQuality "1"]
[TimeControl "40/5400+30:1800+30"]

1. e4 c5 2. Nc3 Nc6 3. Bb5 Nd4 4. Nf3 a6 5. Bd3 g6 6. O-O Bg7 7. Re1 Nh6 8. Nxd4 cxd4 9. Ne2 O-O 10. c3 dxc3 11. dxc3 Ng4 12. Nd4 d5 13. h3 Ne5 14. Bc2 Nc6 15. Nxc6 bxc6 16. Bg5 Re8 17. Qf3 Be6 18. exd5 cxd5 19. Ba4 Bd7 20. Bb3 Be6 21. Rad1 Qb6 22. Bxd5 Bxd5 23. Qxd5 e6 24. Qd2 Rec8 25. Bf4 Qa5 26. a3 Qb5 27. Qe2 Rc4 28. Be5 Bxe5 29. Qxe5 Qxb2 30. Re3 Qb5 31. Qf6 Qf5 32. Qxf5 gxf5 33. Rd7 Rac8 34. Ra7 Ra4 35. Rg3+ Kf8 36. Rd3 Rxa3 37. Rdd7 Raxc3 38. Rxf7+ Kg8 39. Rg7+ Kh8 40. Rxh7+ Kg8 41. h4 a5 42. h5 a4 43. Rag7+ Kf8 44. h6 1-0

[Event "FIDE WSTC Open 65 2025"]
[Site "Prague"]
[Date "2025.02.17"]
[Round "1.8"]
[White "Frisen, Hakan"]
[Black "Chapman, Terry P D"]
[Result "1/2-1/2"]
[Annotator "ChessBase"]
[ECO "E32"]
[WhiteElo "1956"]
[BlackElo "2278"]
[PlyCount "88"]
[EventDate "2025.02.17"]
[EventType "team-tourn"]
[EventCountry "CZE"]
[SourceTitle "playchess.com"]
[Source "ChessBase"]
[SourceQuality "1"]
[TimeControl "40/5400+30:1800+30"]

1. d4 Nf6 2. c4 e6 3. Nc3 Bb4 4. Qc2 O-O 5. a3 Bxc3+ 6. Qxc3 d6 7. Nf3 Re8 8. g3 e5 9. dxe5 dxe5 10. Bg2 Nc6 11. O-O e4 12. Ng5 Nd4 13. Re1 Bg4 14. Kf1 h6 15. Nh3 c5 16. b4 b6 17. Bb2 Qe7 18. Nf4 Rad8 19. h3 Bf5 20. Red1 e3 21. fxe3 Nc2 22. Nd5 Rxd5 23. Rxd5 Be4 24. Re5 Qxe5 25. Qxe5 Rxe5 26. Bxe5 Nxa1 27. Bxa1 Bxg2+ 28. Kxg2 Ne4 29. Be5 f6 30. Bb8 cxb4 31. axb4 a5 32. bxa5 bxa5 33. Ba7 Kf7 34. Bd4 Ke6 35. g4 Nd2 36. c5 Nb3 37. Bc3 a4 38. Bb4 Kd5 39. Kf3 Nxc5 40. Kf4 g6 41. h4 Ne6+ 42. Kf3 f5 43. gxf5 gxf5 44. Ba3 Ke5 1/2-1/2

[Event "FIDE WSTC Open 65 2025"]
[Site "Prague"]
[Date "2025.02.17"]
[Round "1.9"]
[White "Kozak, Milos"]
[Black "Haik, Aldo"]
[Result "0-1"]
[Annotator "ChessBase"]
[ECO "E60"]
[WhiteElo "2047"]
[BlackElo "2377"]
[PlyCount "66"]
[EventDate "2025.02.17"]
[EventType "team-tourn"]
[EventCountry "CZE"]
[SourceTitle "playchess.com"]
[Source "ChessBase"]
[SourceQuality "1"]
[TimeControl "40/5400+30:1800+30"]

1. d4 Nf6 2. c4 g6 3. g3 Bg7 4. Bg2 c5 5. dxc5 Qa5+ 6. Nc3 Qxc5 7. Bd2 O-O 8. Rc1 d6 9. b3 Nc6 10. Nh3 Bxh3 11. Bxh3 d5 12. cxd5 Nxd5 13. Na4 Qa3 14. Nc5 Bb2 15. Nxb7 Bxc1 16. Qxc1 Qxc1+ 17. Bxc1 Rab8 18. Nc5 Rb5 19. Nd3 Ncb4 20. Nxb4 Nxb4 21. a4 Nc2+ 22. Kd1 Rc5 23. e3 Rd8+ 24. Ke2 Nb4 25. Ba3 Rc2+ 26. Kf3 Nc6 27. Bg2 Rd3 28. Rb1 Nd4+ 29. Ke4 Rxb3 30. Rxb3 Nxb3 31. Bxe7 Rxf2 32. Bh3 f5+ 33. Ke5 Nd2 0-1

[Event "FIDE WSTC Open 65 2025"]
[Site "Prague"]
[Date "2025.02.17"]
[Round "1.10"]
[White "Sharif, Mehrshad"]
[Black "Chaloupka, Vladimir"]
[Result "1-0"]
[Annotator "ChessBase"]
[ECO "E09"]
[WhiteElo "2318"]
[BlackElo "2064"]
[PlyCount "79"]
[EventDate "2025.02.17"]
[EventType "team-tourn"]
[EventCountry "CZE"]
[SourceTitle "playchess.com"]
[Source "ChessBase"]
[SourceQuality "1"]
[TimeControl "40/5400+30:1800+30"]

1. Nf3 Nf6 2. g3 d5 3. Bg2 e6 4. O-O Be7 5. c4 c6 6. b3 O-O 7. Bb2 Nbd7 8. d4 Re8 9. Nbd2 b6 10. Qc2 Bb7 11. e4 dxe4 12. Nxe4 Nxe4 13. Qxe4 Nf6 14. Qc2 Qc7 15. c5 Nd5 16. a3 Rac8 17. Rfe1 Bf6 18. Ne5 b5 19. h4 Qe7 20. Be4 h6 21. Rad1 Rcd8 22. b4 Qc7 23. Qb3 a5 24. Bc1 axb4 25. axb4 Ra8 26. Ng4 h5 27. Nxf6+ Nxf6 28. Bf4 Qd7 29. Bd6 Ra4 30. Bf3 Rea8 31. Re3 Bc8 32. Qb1 Nd5 33. Rb3 Nf6 34. Qc1 Nd5 35. Qg5 Ra1 36. Rbb1 R1a3 37. Bxh5 f6 38. Qd2 Nc3 39. Bg6 Nxd1 40. Qxd1 1-0

[Event "FIDE WSTC Open 65 2025"]
[Site "Prague"]
[Date "2025.02.17"]
[Round "1.11"]
[White "Benes, Petr"]
[Black "Roos, Louis"]
[Result "0-1"]
[Annotator "ChessBase"]
[ECO "D02"]
[WhiteElo "2069"]
[BlackElo "2312"]
[PlyCount "82"]
[EventDate "2025.02.17"]
[EventType "team-tourn"]
[EventCountry "CZE"]
[SourceTitle "playchess.com"]
[Source "ChessBase"]
[SourceQuality "1"]
[TimeControl "40/5400+30:1800+30"]

1. Nf3 d5 2. g3 Nd7 3. d4 Nb6 4. Nbd2 c6 5. Bg2 Nf6 6. O-O Bf5 7. Nh4 Bg4 8. h3 Bh5 9. Ndf3 e6 10. Ne5 Ne4 11. Qe1 f6 12. Nd3 g5 13. Nf3 Bd6 14. Bd2 Bg6 15. Bb4 Bxb4 16. Qxb4 a5 17. Qe1 O-O 18. Nd2 Nxd2 19. Qxd2 Nc4 20. Qc1 Nd6 21. g4 Qe7 22. b3 e5 23. Qe3 Rae8 24. Rae1 e4 25. Nc5 f5 26. Qc3 Ra8 27. e3 fxg4 28. hxg4 h5 29. f3 exf3 30. Bxf3 h4 31. Bg2 Be4 32. Rxf8+ Rxf8 33. Qd2 b6 34. Nd3 Bxg2 35. Qxg2 Qe4 36. Ne5 c5 37. Nd7 Rf3 38. Kh2 h3 39. Qg1 cxd4 40. exd4 Qf4+ 41. Kh1 Ne4 0-1

[Event "FIDE WSTC Open 65 2025"]
[Site "Prague"]
[Date "2025.02.17"]
[Round "1.12"]
[White "Giffard, Nicolas"]
[Black "Chaloupka, Frantisek"]
[Result "1-0"]
[Annotator "ChessBase"]
[ECO "D34"]
[WhiteElo "2154"]
[BlackElo "1961"]
[PlyCount "65"]
[EventDate "2025.02.17"]
[EventType "team-tourn"]
[EventCountry "CZE"]
[SourceTitle "playchess.com"]
[Source "ChessBase"]
[SourceQuality "1"]
[TimeControl "40/5400+30:1800+30"]

1. Nf3 Nf6 2. c4 c5 3. g3 e6 4. Bg2 Nc6 5. O-O Be7 6. Nc3 d5 7. cxd5 exd5 8. d4 O-O 9. b3 Be6 10. Bb2 Rc8 11. dxc5 Bxc5 12. Ng5 a6 13. Nxe6 fxe6 14. e3 Qe7 15. a3 Rfd8 16. b4 Ba7 17. Ne2 e5 18. Qb3 Kh8 19. Rad1 Rd6 20. Bxd5 Rcd8 21. Bg2 h5 22. Rxd6 Rxd6 23. Rd1 Rxd1+ 24. Qxd1 h4 25. Nc3 hxg3 26. hxg3 Qe6 27. Ne4 Qf5 28. Nxf6 gxf6 29. Bxc6 bxc6 30. Qd8+ Kg7 31. Qc7+ Kg6 32. Qxc6 Qd3 33. Bxe5 1-0

[Event "FIDE WSTC Open 65 2025"]
[Site "Prague"]
[Date "2025.02.17"]
[Round "1.13"]
[White "Garcia Palermo, Carlos Horacio"]
[Black "Walther, Hans-Wolfgang"]
[Result "1-0"]
[Annotator "ChessBase"]
[ECO "D13"]
[WhiteElo "2412"]
[BlackElo "2034"]
[PlyCount "91"]
[EventDate "2025.02.17"]
[EventType "team-tourn"]
[EventCountry "CZE"]
[SourceTitle "playchess.com"]
[Source "ChessBase"]
[SourceQuality "1"]
[TimeControl "40/5400+30:1800+30"]

1. d4 d5 2. Nf3 e6 3. c4 c6 4. cxd5 cxd5 5. Nc3 Nf6 6. Bf4 a6 7. e3 Nc6 8. Bd3 Bd6 9. O-O Bxf4 10. exf4 O-O 11. Rc1 Qd6 12. Qd2 Bd7 13. Bb1 b5 14. Ne5 Rac8 15. Ne2 b4 16. f3 Na7 17. f5 Bb5 18. fxe6 fxe6 19. Bd3 Nd7 20. Nxd7 Bxd7 21. Qe3 Bb5 22. Bxb5 Nxb5 23. h4 Rc4 24. b3 Rcc8 25. Rfe1 Rce8 26. f4 Rc8 27. g3 Qd7 28. Kg2 Rxc1 29. Rxc1 Rc8 30. Rxc8+ Qxc8 31. Ng1 Qc2+ 32. Kf3 Qc3 33. Ne2 Qxe3+ 34. Kxe3 Kf7 35. h5 g6 36. hxg6+ hxg6 37. g4 Kf6 38. g5+ Ke7 39. Kd3 Nd6 40. Ng1 Nb5 41. Nf3 Kf7 42. Ne5+ Kg7 43. Nc6 a5 44. Nxa5 Nc3 45. a4 Kf7 46. Nc6 1-0

[Event "FIDE WSTC Open 65 2025"]
[Site "Prague"]
[Date "2025.02.17"]
[Round "1.14"]
[White "Bindrich, Oswald"]
[Black "Ortega, Lexy"]
[Result "0-1"]
[Annotator "ChessBase"]
[ECO "B75"]
[WhiteElo "2089"]
[BlackElo "2348"]
[PlyCount "46"]
[EventDate "2025.02.17"]
[EventType "team-tourn"]
[EventCountry "CZE"]
[SourceTitle "playchess.com"]
[Source "ChessBase"]
[SourceQuality "1"]
[TimeControl "40/5400+30:1800+30"]

1. e4 c5 2. Nf3 g6 3. d4 cxd4 4. Nxd4 Nf6 5. Nc3 d6 6. Be3 Nc6 7. f3 Bg7 8. Qd2 Bd7 9. O-O-O a6 10. Kb1 b5 11. h4 h5 12. Nd5 Ne5 13. Bg5 Nxd5 14. exd5 Qb6 15. Be2 Nc4 16. Qd3 Rc8 17. Qe4 O-O 18. g4 f5 19. gxf5 Nxb2 20. Ne6 Na4 21. Rd3 gxf5 22. Qf4 Bxe6 23. dxe6 Qc5 0-1

[Event "FIDE WSTC Open 65 2025"]
[Site "Prague"]
[Date "2025.02.17"]
[Round "1.15"]
[White "Sibilio, Mario"]
[Black "Fleuch, Hans-Juergen"]
[Result "1-0"]
[Annotator "ChessBase"]
[ECO "B08"]
[WhiteElo "2229"]
[BlackElo "1981"]
[PlyCount "51"]
[EventDate "2025.02.17"]
[EventType "team-tourn"]
[EventCountry "CZE"]
[SourceTitle "playchess.com"]
[Source "ChessBase"]
[SourceQuality "1"]
[TimeControl "40/5400+30:1800+30"]

1. Nf3 g6 2. e4 d6 3. d4 Nf6 4. Nc3 Bg7 5. h3 c6 6. Bg5 Qa5 7. Bd3 Nbd7 8. O-O O-O 9. Qd2 Qc7 10. Qf4 e5 11. Qe3 Re8 12. dxe5 dxe5 13. a4 Nf8 14. Bh6 Ne6 15. Bxg7 Kxg7 16. Rfd1 b6 17. Rd2 Nc5 18. b4 Nxd3 19. Rxd3 Qe7 20. b5 cxb5 21. Nxb5 Ba6 22. c4 Rec8 23. Nd6 Rc7 24. Qg5 Nxe4 25. Nf5+ Kh8 26. Qxe7 1-0

[Event "FIDE WSTC Open 65 2025"]
[Site "Prague"]
[Date "2025.02.17"]
[Round "1.16"]
[White "Tichatschke, Wolfgang"]
[Black "Ceschia, Ivano"]
[Result "0-1"]
[Annotator "ChessBase"]
[ECO "B32"]
[WhiteElo "1947"]
[BlackElo "2205"]
[PlyCount "124"]
[EventDate "2025.02.17"]
[EventType "team-tourn"]
[EventCountry "CZE"]
[SourceTitle "playchess.com"]
[Source "ChessBase"]
[SourceQuality "1"]
[TimeControl "40/5400+30:1800+30"]

1. e4 c5 2. Nf3 Nc6 3. d4 cxd4 4. Nxd4 Qb6 5. Nxc6 bxc6 6. Bd3 g6 7. O-O Bg7 8. Nc3 d6 9. Kh1 Nf6 10. Qe2 O-O 11. Rb1 Nd7 12. Be3 Qa5 13. Qd2 Ne5 14. b4 Qd8 15. Bh6 Bxh6 16. Qxh6 d5 17. Be2 f5 18. exd5 cxd5 19. Qe3 Nf7 20. Nxd5 e6 21. Nc3 Qc7 22. Bf3 Rb8 23. b5 Ne5 24. Rfd1 f4 25. Qd2 Nxf3 26. gxf3 Bb7 27. Ne4 Rbd8 28. Qe2 Bd5 29. a4 Rc8 30. Rd2 Qe5 31. Qd3 Rc4 32. Re1 Rxa4 33. c3 Rc8 34. Qc2 Bxe4 35. Rxe4 Ra1+ 36. Rd1 Qxc3 37. Qe2 Ra2 38. Qd3 Qxd3 39. Rxd3 Rxf2 40. Kg1 Rb2 41. Rd1 Rxb5 42. Rxe6 Rc7 43. Kg2 Kf7 44. Red6 Ke7 45. R6d4 Rf5 46. h4 a5 47. Re4+ Kf7 48. Kh3 Kg7 49. Rd8 Ra7 50. Rdd4 Rff7 51. Rc4 Rac7 52. Ra4 Ra7 53. Rac4 Rae7 54. Rxf4 Rxf4 55. Rxf4 Rf7 56. Ra4 Rxf3+ 57. Kg4 Rf5 58. Rc4 Rf7 59. Ra4 Ra7 60. Kf4 Kf6 61. Ke4 h6 62. Kf4 Ke6 0-1

[Event "FIDE WSTC Open 65 2025"]
[Site "Prague"]
[Date "2025.02.17"]
[Round "1.17"]
[White "Bhopal, Raj"]
[Black "Jansa, Vlastimil"]
[Result "1-0"]
[Annotator "ChessBase"]
[ECO "B08"]
[WhiteElo "2026"]
[BlackElo "2267"]
[PlyCount "77"]
[EventDate "2025.02.17"]
[EventType "team-tourn"]
[EventCountry "CZE"]
[SourceTitle "playchess.com"]
[Source "ChessBase"]
[SourceQuality "1"]
[TimeControl "40/5400+30:1800+30"]

1. d4 d6 2. e4 Nf6 3. Nc3 g6 4. Nf3 Bg7 5. h3 O-O 6. Be3 b6 7. Bd3 Bb7 8. O-O a6 9. Qd2 c5 10. d5 b5 11. a3 Re8 12. Rfe1 Nbd7 13. Bf4 Nb6 14. Bf1 Nfd7 15. h4 Qc7 16. h5 Rad8 17. hxg6 hxg6 18. Bh6 Bf6 19. Bg5 Ne5 20. Nxe5 Bxe5 21. g3 Bc8 22. Bf4 Bh8 23. f3 Nd7 24. Qh2 Ne5 25. Kg2 f5 26. Be2 e6 27. Rh1 Bg7 28. Bg5 b4 29. axb4 cxb4 30. Bxd8 Rxd8 31. Nd1 Qxc2 32. Kf1 fxe4 33. f4 Nf7 34. Qh7+ Kf8 35. Qxg6 Rd7 36. dxe6 Nh8 37. Qf5+ Ke8 38. exd7+ Bxd7 39. Rxh8+ 1-0

[Event "FIDE WSTC Open 65 2025"]
[Site "Prague"]
[Date "2025.02.17"]
[Round "1.18"]
[White "Polasek, Jaroslav"]
[Black "White, Alastair F"]
[Result "1/2-1/2"]
[Annotator "ChessBase"]
[ECO "C25"]
[WhiteElo "2344"]
[BlackElo "1982"]
[PlyCount "112"]
[EventDate "2025.02.17"]
[EventType "team-tourn"]
[EventCountry "CZE"]
[SourceTitle "playchess.com"]
[Source "ChessBase"]
[SourceQuality "1"]
[TimeControl "40/5400+30:1800+30"]

1. e4 e5 2. Nc3 Nc6 3. f4 exf4 4. Nf3 g5 5. g3 Bg7 6. Bc4 d6 7. gxf4 gxf4 8. d3 Bg4 9. Bb5 Bxc3+ 10. bxc3 Qf6 11. d4 O-O-O 12. h3 Bh5 13. Bxc6 bxc6 14. Qd3 Ne7 15. Ba3 Bxf3 16. Qxf3 Qh4+ 17. Kd2 Rhg8 18. Raf1 f5 19. Qxf4 Rg2+ 20. Kc1 Qxf4+ 21. Rxf4 fxe4 22. Rxe4 Nd5 23. c4 Nb6 24. c5 Nc4 25. Bb4 Rf8 26. Be1 Na3 27. cxd6 cxd6 28. Bb4 Rxc2+ 29. Kd1 Rxa2 30. Rhe1 Nc2 31. Bxd6 Rd8 32. R1e2 Rxd6 33. Rxc2 Rxc2 34. Kxc2 Kd7 35. Kc3 Rg6 36. Kc4 Kd6 37. Rf4 a5 38. h4 Rh6 39. Rg4 Rh5 40. Rf4 Kc7 41. Kb3 Kb6 42. Ka4 Rb5 43. Rf7 h5 44. Rh7 Rd5 45. Kb3 a4+ 46. Ka3 Kb5 47. Rh6 Rf5 48. Rg6 Rf3+ 49. Ka2 Rf5 50. Ka3 Rd5 51. Rh6 c5 52. dxc5 Kxc5 53. Kxa4 Rd4+ 54. Kb3 Rxh4 55. Kc3 Rh3+ 56. Kd2 Kd4 1/2-1/2

[Event "FIDE WSTC Open 65 2025"]
[Site "Prague"]
[Date "2025.02.17"]
[Round "1.19"]
[White "McAndrew, Robert"]
[Black "Mozny, Milos"]
[Result "1/2-1/2"]
[Annotator "ChessBase"]
[ECO "A26"]
[WhiteElo "1951"]
[BlackElo "2232"]
[PlyCount "26"]
[EventDate "2025.02.17"]
[EventType "team-tourn"]
[EventCountry "CZE"]
[SourceTitle "playchess.com"]
[Source "ChessBase"]
[SourceQuality "1"]
[TimeControl "40/5400+30:1800+30"]

1. c4 e5 2. g3 g6 3. Bg2 Bg7 4. Nc3 Nc6 5. d3 Nge7 6. e4 d6 7. Be3 Be6 8. Qd2 h6 9. Nge2 Nd4 10. O-O Qd7 11. f4 c5 12. Bxd4 cxd4 13. Nd5 h5 1/2-1/2

[Event "FIDE WSTC Open 65 2025"]
[Site "Prague"]
[Date "2025.02.17"]
[Round "1.20"]
[White "Meduna, Eduard"]
[Black "Marks, Ian A"]
[Result "1-0"]
[Annotator "ChessBase"]
[ECO "E11"]
[WhiteElo "2305"]
[BlackElo "1909"]
[PlyCount "81"]
[EventDate "2025.02.17"]
[EventType "team-tourn"]
[EventCountry "CZE"]
[SourceTitle "playchess.com"]
[Source "ChessBase"]
[SourceQuality "1"]
[TimeControl "40/5400+30:1800+30"]

1. d4 Nf6 2. c4 e6 3. Nf3 Bb4+ 4. Bd2 Qe7 5. g3 O-O 6. Bg2 Bxd2+ 7. Nbxd2 d6 8. e4 e5 9. d5 a5 10. O-O Nbd7 11. b3 Nc5 12. Qc2 Nh5 13. a3 f5 14. b4 Nxe4 15. Nxe4 fxe4 16. Qxe4 Bf5 17. Qe3 h6 18. Nd4 Bd7 19. Ne6 Bxe6 20. dxe6 c6 21. b5 cxb5 22. cxb5 Rfc8 23. Rac1 Nf6 24. Bh3 Nh7 25. f4 exf4 26. gxf4 Nf6 27. Bg2 Rc5 28. Rxc5 dxc5 29. Rd1 Rd8 30. Re1 c4 31. h3 Rd3 32. Qa7 Rxa3 33. Qxb7 Qc5+ 34. Kh1 Re3 35. Rxe3 Qxe3 36. Qc8+ Kh7 37. Qxc4 Qe1+ 38. Kh2 Qd2 39. b6 Nh5 40. b7 Nxf4 41. Qe4+ 1-0

[Event "FIDE WSTC Open 65 2025"]
[Site "Prague"]
[Date "2025.02.17"]
[Round "1.21"]
[White "Yrjola, Jouni"]
[Black "Zoernpfenning, Siegfried"]
[Result "1-0"]
[Annotator "ChessBase"]
[ECO "A34"]
[WhiteElo "2287"]
[BlackElo "2063"]
[PlyCount "79"]
[EventDate "2025.02.17"]
[EventType "team-tourn"]
[EventCountry "CZE"]
[SourceTitle "playchess.com"]
[Source "ChessBase"]
[SourceQuality "1"]
[TimeControl "40/5400+30:1800+30"]

1. c4 Nf6 2. Nc3 c5 3. Nf3 d5 4. cxd5 Nxd5 5. e4 Nc7 6. d4 cxd4 7. Qxd4 Qxd4 8. Nxd4 e5 9. Ndb5 Nxb5 10. Nxb5 Bb4+ 11. Bd2 Bxd2+ 12. Kxd2 Na6 13. Bc4 Ke7 14. Rhc1 Bd7 15. Nc3 Nc7 16. Nd5+ Nxd5 17. Bxd5 Kd6 18. Ke3 f5 19. exf5 Bxf5 20. Rd1 Ke7 21. Rac1 Rhd8 22. Rc7+ Rd7 23. Rxd7+ Bxd7 24. Be4 Bc6 25. Bxc6 bxc6 26. Rc1 Kd6 27. Rc4 a5 28. Rh4 h6 29. Rg4 Ra7 30. b3 Kd5 31. Kd3 c5 32. f3 Rb7 33. Kc3 h5 34. Rg5 Rb4 35. Rxh5 a4 36. Rg5 axb3 37. axb3 Rf4 38. Rxg7 e4 39. Rg5+ Kc6 40. Rg4 1-0

[Event "FIDE WSTC Open 65 2025"]
[Site "Prague"]
[Date "2025.02.17"]
[Round "1.22"]
[White "Pregl, Walter"]
[Black "Henttinen, Markku I.O."]
[Result "1/2-1/2"]
[Annotator "ChessBase"]
[ECO "A36"]
[WhiteElo "1955"]
[BlackElo "2223"]
[PlyCount "122"]
[EventDate "2025.02.17"]
[EventType "team-tourn"]
[EventCountry "CZE"]
[SourceTitle "playchess.com"]
[Source "ChessBase"]
[SourceQuality "1"]
[TimeControl "40/5400+30:1800+30"]

1. c4 c5 2. Nc3 Nc6 3. Nf3 g6 4. g3 Bg7 5. Bg2 e6 6. e4 Nge7 7. O-O O-O 8. d3 d6 9. Be3 Nd4 10. Nh4 Rb8 11. Rc1 a6 12. f4 b5 13. b3 f5 14. Ne2 Bb7 15. Nxd4 cxd4 16. Bf2 e5 17. Qe2 Re8 18. Rce1 bxc4 19. bxc4 Bc6 20. Nf3 fxe4 21. dxe4 Qc7 22. Ng5 Bd7 23. Rc1 h6 24. Nf3 Qc5 25. Rfd1 Rec8 26. Bf1 Be6 27. Nd2 Rb2 28. Nb3 Qa3 29. Rd2 Rxd2 30. Qxd2 Nc6 31. Be1 Bf8 32. Rc2 Rb8 33. Qf2 a5 34. f5 gxf5 35. exf5 Bf7 36. Bg2 Ne7 37. f6 Ng6 38. Qf5 a4 39. Bd5 Nh8 40. Bxf7+ Nxf7 41. Qg6+ Kh8 42. Qxf7 axb3 43. axb3 Qxb3 44. Rf2 Qb1 45. Rf1 Qh7 46. Qd5 Qb7 47. Qe6 Qe4 48. Qf7 d3 49. Ba5 Qh7 50. Qd5 Qa7+ 51. Rf2 Rb2 52. Be1 Qe3 53. Kg2 Re2 54. Qf7 Rxf2+ 55. Bxf2 Qe4+ 56. Kg1 Qa8 57. Be3 Qc8 58. Kf2 Qf5+ 59. Kg1 Qc8 60. Kf2 Qf5+ 61. Kg1 Qc8 1/2-1/2